AoeStats
← jantotu

Arabia

509656051Analyzed
1v1 RM · 6d ago on Sep 27, 2026· 50m 2s· 2 players
Game mode
Random Map
Map size
Tiny (2 player)
Population
200
Speed
Normal
Resources
Standard
Victory
Conquest
Starting age
Dark Age
Ending age
Imperial Age
RankedLock teamsTeams togetherTeam positionsShared explorationLock speedFull tech treeHidden civsTurbo modeCheats
Victory
Defeat
🇯🇵 Persians · Japan
1233
+17
🇨🇭 Portuguese · Switzerland
1261
-17
jantotu
7:14 Loom
10:31 Feudal Age
11:05 Double-Bit Axe
18:03 Castle Age
16:16 Horse Collar
17:04 Scale Mail Armor
18:05 Pikeman
24:59 Fletching
26:23 Bodkin Arrow
29:06 Wheelbarrow
34:05 Imperial Age
34:55 Bracer
36:20 Halberdier
37:17 Padded Archer Armor
37:28 Forging
38:12 Crossbowman
38:58 Thumb Ring
39:03 Arbalester
40:05 Bloodlines
39:16 Light Cavalry
42:01 Leather Archer Armor
43:33 Ballistics
44:13 Chemistry
happykids
6:06 Loom
8:35 Feudal Age
9:06 Double-Bit Axe
17:45 Castle Age
15:30 Horse Collar
16:21 Gold Mining
16:57 Bloodlines
17:59 Scale Barding Armor
18:36 Wheelbarrow
18:20 Husbandry
18:51 Bow Saw
22:27 Forging
24:06 Chain Barding Armor
25:18 Fletching
26:01 Bodkin Arrow
25:54 Crossbowman
28:44 Padded Archer Armor
30:20 Stone Mining
32:54 Leather Archer Armor
35:27 Imperial Age
33:51 Iron Casting
34:44 Kamandaran
35:27 Hand Cart
36:21 Ballistics
35:52 Heated Shot
37:18 Plate Barding Armor
36:05 Cavalier
37:12 Thumb Ring
37:49 Conscription
39:31 Chemistry
41:22 Blast Furnace
41:38 Ring Archer Armor
44:04 Two-Man Saw
44:05 Savar
Connection lost

Rejoining the realm…

Still unreachable

The connection could not be restored.

Session expired

The server has moved on; the page needs a fresh start.